 Dungeon Crawl Stone Soup version 0.30.0-5-g1a98f26d00 (webtiles) character file.

Game seed: 17823090085068192346

576 monsoonserge the Ducker (level 7, 0/42 HPs)
             Began as a Deep Elf Monk on May 11, 2023.
             Slain by Edmund
             ... wielding a +1 flail of protection
              (6 damage)
             ... on level 4 of the Dungeon.
             The game lasted 00:14:48 (4014 turns).

monsoonserge the Ducker (Deep Elf Monk)             Turns: 4014, Time: 00:14:49

Health: 0/42       AC:  5    Str:  8    XL:     7   Next: 13%
Magic:  0/9        EV: 14    Int: 15    God:
Gold:   141        SH:  0    Dex: 19    Spells: 6/6 levels left

rFire   . . .        t - +3 quarterstaff (chaos)
rCold   . . .        (shield currently unavailable)
rNeg    . . .        i - +0 leather armour
rPois   .            b - +0 helmet
rElec   .            u - +0 cloak
rCorr   .            (no gloves)
SInv    .            (no boots)
Will    .....        r - amulet of guardian spirit
Stlth   ++           (no ring)
HPRegen 0.27/turn    (no ring)
MPRegen 0.11/turn

%: guardian spirit
@: no status effects
A: no striking features
a: no special abilities


You were on level 4 of the Dungeon.
You visited 1 branch of the dungeon, and saw 4 of its levels.

You collected 174 gold pieces.
You spent 33 gold pieces at shops.

Inventory:

Hand Weapons
 a - a +0 short sword
 k - a +0 long sword
 t - a +3 quarterstaff of chaos (weapon)
 y - a +2 heavy mace
Missiles
 z - 5 boomerangs (quivered)
Armour
 b - a +0 helmet (worn)
 d - an orb of light
 i - a +0 leather armour (worn)
 n - a +0 chain mail
 u - a +0 cloak (worn)
 A - a +0 helmet
Magical Staves
 v - a staff of conjuration
Jewellery
 r - an amulet of guardian spirit (around neck)
Wands
 l - a wand of flame (5)
Scrolls
 e - a scroll of blinking {unknown}
 g - a scroll of immolation {unknown}
 h - 2 scrolls of poison {unknown}
 j - a scroll of acquirement {unknown}
 m - 3 scrolls of noise {unknown}
 o - 2 scrolls of identify {unknown}
 q - a scroll of teleportation
 w - 3 scrolls of enchant armour {unknown}
 x - 2 scrolls of magic mapping {unknown}
Potions
 c - a potion of ambrosia
 f - 2 potions of curing
 p - a potion of magic {unknown}
 s - a potion of lignification {unknown}
 B - a potion of resistance {unknown}
 C - a potion of degeneration {unknown}


   Skills:
 + Level 3.9 Fighting
 - Level 3.6(3.9) Short Blades
 - Level 1.6(2.7) Long Blades
 + Level 3.8 Staves
 + Level 2.2 Armour
 + Level 4.8 Dodging
 + Level 1.1 Stealth
 + Level 0.1 Evocations


You had 6 spell levels left.
You didn't know any spells.
Your spell library contained the following spells:

 Spells                   Type           Power      Damage    Failure   Level
 Sandblast                Erth           0%         2d4       36%         1
 Passwall                 Tmut/Erth      0%         N/A       50%         2
 Frozen Ramparts          Ice            0%         1d1       75%         3
 Stone Arrow              Conj/Erth      0%         3d7       75%         3
 Ice Form                 Ice/Tmut       0%         N/A       98%         4
 Summon Ice Beast         Ice/Summ       0%         N/A       98%         4


Dungeon Overview and Level Annotations

Branches:
Dungeon (4/15)
 Temple: D:4-7

Altars:

Shops:
D:3 ?

Annotations:
D:4 Edmund


Message History

You hit Edmund but do no damage.
Edmund is poisoned.
Edmund is lightly wounded.
Edmund hits you but does no damage.
You hit Edmund but do no damage.
Edmund looks as sick as possible!
Edmund is moderately wounded.
Edmund hits you with a +1 flail of protection!
You hit Edmund. You freeze Edmund.
Edmund is moderately wounded.
Edmund closely misses you.
You hit Edmund. You freeze Edmund.
Edmund is heavily wounded.
Edmund hits you with a +1 flail of protection!
An orc comes into view. It is wielding a +0 short sword.
The orc shouts!
You hit Edmund but do no damage.
Edmund is heavily wounded.
An orc comes into view. It is wielding a +0 morningstar.
Edmund hits you with a +1 flail of protection!
* * * LOW HITPOINT WARNING * * *
Unknown command.
Press: ? - help, v - describe, . - travel, g - get item
Here: an orc wizard, wielding a +0 dagger and wearing a +0 robe Item here: a hound corpse.
The floor, spattered with blood.
Press: ? - help, v - describe, . - travel
Here: Edmund, wielding a +1 flail of protection and wearing a +0 scale mail (severely wounded, extremely poisoned, lightly drained)
The floor, spattered with blood.
The orc shouts!
You hit the orc wizard.
The orc wizard is lightly wounded.
The orc wizard blinks!
An orc comes into view. It is wielding a +0 flail.
Edmund barely misses you. The orc wizard casts a spell at you.
The puff of flame hits you!
* * * LOW HITPOINT WARNING * * *
You barely miss Edmund.
Edmund is severely wounded.
Edmund hits you with a +1 flail of protection!
You die...

......#........#...........# ..
#.....#......o.............# ...
....#......[..............####.##
.............oo.................
. #.......o##...# #..............
..#...^.........###†.............
...........##...##.).........#
...........#....§))).........#
...##..........@@...###......#
....................#.....#..#
....#......)............###.....
#....#................... ....#
#.#.##.................#. ...##
..#.##.................... .##
.........[....##.#........ ..
......##......######....
.....####<......##.#.## .....


You could see Edmund (very poisoned, drained), an orc wizard and 3 orcs.

Vanquished Creatures
  An ice beast (D:3)
  An ogre (D:4)
  An orc priest (D:3)
  Crazy Yiuf (D:2)
  A hound (D:4)
  An iguana (D:3)
  A sleepcap (D:3)
  An orc wizard (D:4)
  8 gnolls
  6 adders
  3 worms
  A dart slug (D:1)
  10 orcs
  5 bats
  5 endoplasms
  3 giant cockroaches
  6 hobgoblins
  11 jackals
  2 quokkas
  3 ball pythons
  5 frilled lizards
  13 goblins
  4 kobolds
  3 rats
96 creatures vanquished.

Notes
Turn   | Place    | Note
-------+----------+-------------------------------------------
     0 | D:1      | monsoonserge the Deep Elf Monk began the quest for the Orb.
     0 | D:1      | Reached XP level 1. HP: 13/13 MP: 3/3
   121 | D:1      | Reached XP level 2. HP: 13/18 MP: 4/4
   183 | D:1      | Reached skill level 4 in Dodging
   898 | D:1      | Reached XP level 3. HP: 20/22 MP: 5/5
  1326 | D:2      | Reached skill level 1 in Long Blades
  1339 | D:2      | Reached XP level 4. HP: 7/27 MP: 6/6
  1634 | D:2      | Found a runed translucent door.
  1635 | D:2      | Noticed Crazy Yiuf
  1651 | D:2      | Killed Crazy Yiuf
  1652 | D:2      | Reached skill level 1 in Armour
  2233 | D:3      | Reached XP level 5. HP: 32/32 MP: 7/7
  2371 | D:3      | Noticed an ice beast
  2377 | D:3      | Killed an ice beast
  2378 | D:3      | Reached skill level 1 in Staves
  2819 | D:3      | Found Boodghaol's Magic Scroll Emporium.
  2822 | D:3      | Bought a scroll of teleportation for 33 gold pieces
  3122 | D:3      | Reached XP level 6. HP: 18/37 MP: 3/8
  3321 | D:4      | Noticed Edmund
  3587 | D:4      | Reached skill level 1 in Stealth
  3872 | D:4      | Reached XP level 7. HP: 25/42 MP: 5/9
  4014 | D:4      | Slain by Edmund

Illustrated notes

Levels and vault maps discovered:
D:1:      mrwooster_arrival_statue_3, layout_loops_ring,
          roderic_serpentine_path, amcnicky_mini_pool_small, serial_park_tiny_2
D:2:      layout_loops_ring, minmay_unequal, uniq_crazy_yiuf_cottage
D:3:      layout_basic, serial_shops, nicolae_shop_tiny_real_fake_doors,
          feat_on_display
D:4:      layout_cave_pools, uniq_edmund

Skill      XL: |  1  2  3  4  5  6 |
---------------+-------------------+-----
Dodging        | 4 |  4.8
Long Blades    | 1 |  1.6
Fighting       | 3 |  3.9
Armour         | 1 2 |  2.2
Staves         | 2 3 |  3.8
Stealth        | 1 |  1.1
Short Blades   | |  3.6
Evocations     | |  0.1

Action                     |  1- 3 |  4- 6 |  7- 9 || total
---------------------------+-------+-------+-------++-------
  Melee: Short sword       |    78 |       |       ||    78
         Long sword        |    66 |    19 |       ||    85
         Quarterstaff      |       |   125 |    21 ||   146
  Throw: Boomerang         |       |     3 |     2 ||     5
  Evoke: Wand              |       |     2 |       ||     2
    Use: Potion            |       |     3 |       ||     3
         Scroll            |       |     1 |       ||     1
   Stab: Confused          |       |     1 |       ||     1
 Armour: Robe              |     5 |       |       ||     5
         Chain mail        |    62 |    42 |       ||   104
         Leather armour    |       |    24 |     1 ||    25
  Dodge: Dodged            |    68 |    74 |    14 ||   156
